 Dungeon Crawl Stone Soup version 0.17-a0-1485-g22cb0ee (webtiles) character file.

79546 HEYYEYAAE the Unseen (level 15, -16/129 HPs)
             Began as a Spriggan Berserker on July 5, 2015.
             Was a Priest of Trog.
             Shot with a bolt of frost by a naga sharpshooter (21 damage)
             ... on level 1 of the Snake Pit.
             The game lasted 01:09:03 (25709 turns).

HEYYEYAAE the Unseen (Spriggan Berserker)          Turns: 25709, Time: 01:09:03

Health: -16/129    AC: 16    Str: 26    XL:     15   Next: 21%
Magic:  0/19       EV: 29    Int: 10    God:    Trog [***...]
Gold:   889        SH:  0    Dex: 16    Spells: 0 memorised, 14 levels left

rFire  . . .     SeeInvis +     u - +4 rapier (drain)
rCold  . . .     Clarity  .     j - +3 mottled dragon armour
rNeg   . . .     SustAt   .     (shield restricted)
rPois  +         Gourm    .     O - +2 hat {MR+}
rElec  .         Spirit   +     J - +2 cloak {rPois}
rCorr  .         Warding  .     (gloves unavailable)
rMut   .         Stasis   .     (boots unavailable)
MR     +++++                    Y - amulet of guardian spirit
Stlth  ..........               G - ring of the Sunfish {Slay+3 Stlth-}
                                V - +3 ring of strength

@: berserking (expiring), regenerating, very quick, almost entirely resistant to
hostile enchantments, extremely unstealthy
A: unfitting armour, see invisible, herbivore 3, speed 3, slow metabolism 2
a: Burn Spellbooks, Berserk, Trog's Hand, Renounce Religion


You were on level 1 of the Snake Pit.
You worshipped Trog.
Trog was most pleased with you.
You were hungry.

You visited 5 branches of the dungeon, and saw 26 of its levels.

You collected 2817 gold pieces.
You spent 1928 gold pieces at shops.

Inventory:

Hand weapons
 d - a +6 short sword of draining
 g - a +1 demon blade of venom
 k - a +2 dagger of electrocution
 u - a +4 rapier of draining (weapon)
 z - a +5 antimagic short sword
 K - a +6 short sword of speed
 N - a +2 dagger of holy wrath
 X - a +4 short sword of venom
Armour
 j - a +3 mottled dragon armour (worn)
 C - a +2 robe of positive energy
 J - a +2 cloak of poison resistance (worn)
 O - a +2 hat of magic resistance (worn)
 U - a troll hide
 W - a +1 cloak
Jewellery
 o - an uncursed ring of flight
 v - an uncursed amulet of faith
 G - the ring of the Sunfish (right hand) {Slay+3 Stlth-}
   (You bought it in a shop on level 6 of the Dungeon)

   [ring of loudness]

   It affects your accuracy and damage with ranged weapons and melee attacks
   (+3).
   It makes you less stealthy.
 I - an uncursed ring of poison resistance
 R - an uncursed ring of positive energy
 V - a +3 ring of strength (left hand)
 Y - an amulet of guardian spirit (around neck)
Magical devices
 n - a wand of teleportation (3)
 r - a wand of paralysis (12)
 F - a wand of slowing (34)
 H - a wand of confusion (0)
 P - a wand of cold (0)
Scrolls
 b - a scroll of remove curse
 e - 2 scrolls of fog
 l - a scroll of torment {unknown}
 m - 3 scrolls of summoning {unknown}
 y - 6 scrolls of recharging
 A - a scroll of teleportation
 M - 5 scrolls of amnesia
 Q - a scroll of brand weapon
 S - 2 scrolls of blinking
 Z - 5 scrolls of magic mapping
Potions
 a - 3 potions of magic
 h - 7 potions of flight
 i - 5 potions of brilliance
 p - a potion of cancellation {unknown}
 q - 2 potions of haste
 s - 3 potions of mutation {unknown}
 B - 8 potions of curing
 D - 2 potions of ambrosia
 E - a potion of heal wounds
 L - 4 potions of agility
Miscellaneous
 f - a phantom mirror
Comestibles
 c - 9 bread rations
 T - 6 fruits


   Skills:
 * Level 13.5 Fighting
 - Level 10.6(11.4) Short Blades
 + Level 5.3(7.5) Long Blades
 + Level 8.5 Armour
 + Level 15.4 Dodging
 * Level 16.2 Stealth
 - Level 5.3 Evocations


You had 14 spell levels left.
You didn't know any spells.

Dungeon Overview and Level Annotations

Branches:
Dungeon (12/15)            Temple (0/1) D:6            Lair (8/8) D:8
 Shoals (0/4) Lair:6        Snake (1/4) Lair:3        Slime (0/6) Lair:8
    Orc (4/4) D:10            Elf (1/3) Orc:3

Altars:
Elyvilon
Kikubaaqudgha
Jiyva

Shops:
D:4 [   D:6 =   D:7 [   D:8 %   Orc:2 [   Orc:4 [?:*

Portals:
Pandemonium: Orc:4

Annotations:
D:4 Ontamu's ghost, experienced VSMo
D:5 FooOfBar's ghost, average DECj


Innate Abilities, Weirdness & Mutations

You are tiny and cannot use many weapons and most armour.
You have supernaturally acute eyesight.
You are a herbivore.
You cover ground extremely quickly.
You need consume almost no food.


Message History

You puncture the naga sharpshooter!
The naga sharpshooter is heavily wounded.
You puncture the naga sharpshooter! You drain the naga sharpshooter!
The naga sharpshooter is severely wounded.
The naga sharpshooter casts a spell.
The naga sharpshooter magically shoots a bolt of frost.
The bolt of frost hits you!!
* * * LOW HITPOINT WARNING * * *
The bolt of frost freezes you!
* * * LOW HITPOINT WARNING * * *
You puncture the naga sharpshooter!
The naga sharpshooter is almost dead.
Unknown command.
You puncture the naga sharpshooter!
You kill the naga sharpshooter!
Trog accepts your kill.
Trog appreciates your killing of a magic user.
The naga sharpshooter shoots a bolt of frost.
The bolt of frost hits you!!
You die...

...................)..# #...
......................##
.........(......(....))###
##...................#)..####
##..................#......#
##..............##.###.......
###............##..# ####...
##...(........##.# ##
##......((@..# ..
##.......)N..##..
##.......#..# ##......##..#
##....## ..# ##...# ..# #...#
..# ##... ...


You could see a naga sharpshooter.

Vanquished Creatures
  Gastronok (Lair:3)
  Kirke (Lair:7)
  Snorg (Lair:3)
  Josephine (Orc:3)
  2 hydras
  3 naga warriors (Snake:1)
  An anaconda (Snake:1)
  10 death yaks
  8 orc high priests (Orc:4)
  A naga sharpshooter (Snake:1)
  A shock serpent (Snake:1)
  A sun demon (Orc:4)
  Nergalle (Orc:3)
  2 gelid demonspawn (Orc:4)
  A naga ritualist (Snake:1)
  A lindwurm (Lair:5)
  Pikel (D:7)
  2 hill giants (D:12)
  5 orc sorcerers
  A sixfirhy (Orc:4)
  5 orc knights (Orc:4)
  2 salamanders (Snake:1)
  A mana viper (Snake:1)
  A manticore (D:12)
  10 black mambas
  A guardian serpent (Lair:3)
  A rust devil (Orc:4)
  6 elephants (Lair:2)
  Maurice (D:8)
  3 naga magi (Snake:1)
  A gargoyle (D:10)
  2 torpor snails
  Psyche (D:8)
  A centaur skeleton (D:10)
  7 komodo dragons
  17 spiny frogs
  2 fire drakes
  A hellwing (Orc:4)
  2 giant leeches (Lair:8)
  2 trolls
  A blue devil (Orc:4)
  A two-headed ogre (D:10)
  A boulder beetle (Lair:8)
  24 blink frogs
  A trapdoor spider zombie (D:12)
  5 hogs (Lair:7)
  8 hippogriffs
  33 yaks
  A deep elf mage (D:10)
  2 basilisks (Lair:2)
  A mottled dragon (D:8)
  6 vampire mosquitoes (Lair:8)
  7 nagas (Snake:1)
  5 wraiths (Orc:3)
  8 wolves
  3 wargs
  A soldier ant (D:12)
  13 water moccasins
  4 slaves (D:7)
  31 orc warriors
  An ice beast (D:10)
  4 sky beasts
  A phantom (D:5)
  18 porcupines
  A black bear (D:10)
  A wasp (D:10)
  5 ogres
  5 centaurs
  16 crocodiles
  A big kobold (D:12)
  36 giant frogs
  A scorpion (D:3)
  A wyvern skeleton (D:8)
  15 killer bees
  3 electric eels (Lair:8)
  6 crimson imps
  A centaur zombie (D:10)
  33 orc priests
  A wasp zombie (D:10)
  A jelly (D:10)
  34 orc wizards
  3 hounds
  11 iguanas
  16 sheep
  8 worker ants
  2 hound zombies
  11 adders
  50 river rats
  7 gnolls
  A worker ant zombie (D:5)
  2 shadow imps
  An adder skeleton (D:6)
  150 orcs
  7 bats
  5 giant cockroaches
  26 hobgoblins
  11 jackals
  13 kobolds
  4 quokkas
  2 ball pythons (D:3)
  8 giant geckos
  A giant gecko zombie (D:7)
  6 giant newts
  16 goblins
  2 quokka skeletons
  10 rats
  2 rat zombies (D:2)
  2 fungi (Lair:8)
830 creatures vanquished.

Vanquished Creatures (others)
  An orc wizard (D:8)
  27 fungi
  37 plants
65 creatures vanquished.

Grand Total: 895 creatures vanquished

Notes
Turn   | Place    | Note
--------------------------------------------------------------
     0 | D:1      | HEYYEYAAE the Spriggan Berserker began the quest for the Orb.
     0 | D:1      | Reached XP level 1. HP: 11/11 MP: 2/2
   623 | D:1      | Reached XP level 2. HP: 11/16 MP: 3/3
   842 | D:2      | Reached skill level 1 in Stealth
   889 | D:2      | Found an ancient bone altar of Kikubaaqudgha.
   987 | D:2      | Reached XP level 3. HP: 19/19 MP: 4/4
  1273 | D:2      | Acquired Trog's second power
  1871 | D:3      | Reached XP level 4. HP: 19/24 MP: 5/5
  1948 | D:3      | Noticed a scorpion
  1951 | D:3      | Killed a scorpion
  1951 | D:3      | Reached skill level 1 in Armour
  1951 | D:3      | Reached skill level 5 in Dodging
  2406 | D:4      | Reached XP level 5. HP: 17/28 MP: 6/6
  2438 | D:4      | Noticed Ontamu's ghost (experienced VSMo)
  2494 | D:4      | Found Capram's Antique Armour Emporium.
  2501 | D:4      | Bought a runed robe for 18 gold pieces
  3278 | D:5      | Entered Level 5 of the Dungeon
  3296 | D:5      | Reached XP level 6. HP: 30/33 MP: 7/7
  3356 | D:5      | Noticed a water moccasin
  3359 | D:5      | Killed a water moccasin
  3359 | D:5      | Reached skill level 6 in Dodging
  3493 | D:5      | Noticed a centaur
  3509 | D:5      | Killed a centaur
  3509 | D:5      | Reached XP level 7. HP: 27/38 MP: 8/8
  3512 | D:5      | Acquired Trog's third power
  3560 | D:5      | Noticed FooOfBar's ghost (average DECj)
  3667 | D:5      | Noticed a phantom
  3720 | D:5      | Killed a phantom
  4216 | D:6      | Reached skill level 5 in Stealth
  4232 | D:6      | Reached skill level 5 in Short Blades
  4737 | D:6      | Reached skill level 5 in Fighting
  4739 | D:6      | Reached XP level 8. HP: 43/43 MP: 9/9
  4771 | D:6      | Found Budilom's Jewellery Boutique.
  4780 | D:6      | Bought an uncursed ring of poison resistance for 240 gold pieces
  4835 | D:6      | Reached skill level 7 in Dodging
  4991 | D:6      | Found a staircase to the Ecumenical Temple.
  5601 | D:8      | Found a staircase to the Lair.
  5895 | D:7      | Noticed Pikel
  6278 | D:7      | Found Boun's Antique Armour Boutique.
  6397 | D:7      | Killed Pikel
  6397 | D:7      | Reached XP level 9. HP: 43/49 MP: 10/10
  6513 | D:7      | Reached skill level 8 in Dodging
  7297 | D:8      | Noticed Psyche
  7319 | D:8      | Killed Psyche
  7496 | D:8      | Noticed Maurice
  7714 | D:8      | Killed Maurice
  7817 | D:8      | Reached skill level 9 in Dodging
  8062 | D:8      | Found Titafurch's Food Boutique.
  8070 | D:8      | Bought a bread ration for 55 gold pieces
  8070 | D:8      | Bought a bread ration for 55 gold pieces
  8070 | D:8      | Bought 4 fruits for 66 gold pieces
  8070 | D:8      | Bought 4 fruits for 66 gold pieces
  8198 | D:9      | Received a gift from Trog
  8500 | D:9      | You fall through a shaft for 3 floors!
  8579 | D:12     | Noticed a hill giant
  8597 | D:12     | Killed a hill giant
  8597 | D:12     | Reached XP level 10. HP: 27/55 MP: 11/11
  8612 | D:12     | Noticed a manticore
  8628 | D:12     | Killed a manticore
  8681 | D:12     | Noticed a hill giant
  8697 | D:12     | Killed a hill giant
  8842 | D:11     | Reached skill level 10 in Dodging
  8868 | D:10     | Entered Level 10 of the Dungeon
  8883 | D:10     | Got a bloodstained flail
  8972 | D:10     | Found a staircase to the Orcish Mines.
  8981 | D:10     | Reached skill level 10 in Stealth
  9222 | D:9      | Received a gift from Trog
 10100 | D:10     | Reached XP level 11. HP: 60/60 MP: 4/12
 10477 | D:6      | Bought the ring of the Sunfish {Slay+3 Stlth-} for 325 gold pieces
 10539 | Lair:1   | Entered Level 1 of the Lair of Beasts
 10607 | Orc:1    | Entered Level 1 of the Orcish Mines
 10732 | Orc:1    | Received a gift from Trog
 10736 | Orc:1    | Reached skill level 5 in Armour
 10967 | Orc:1    | Reached skill level 11 in Dodging
 11278 | Orc:1    | Gained mutation: Armour fits poorly on your strangely shaped body. [helix card]
 11291 | Orc:1    | Received a gift from Trog
 11312 | Orc:1    | Lost mutation: Armour fits poorly on your strangely shaped body. [potion of cure mutation]
 11518 | Orc:2    | Found Futi's Antique Armour Boutique.
 12065 | Orc:3    | Noticed Josephine
 12066 | Orc:3    | Noticed Nergalle
 12117 | Orc:3    | Received a gift from Trog
 12171 | Orc:3    | Killed Josephine
 12288 | Orc:3    | Killed Nergalle
 12322 | Orc:3    | Found a staircase to the Elven Halls.
 12331 | Elf:1    | Entered Level 1 of the Elven Halls
 12990 | Orc:4    | Entered Level 4 of the Orcish Mines
 13434 | Orc:4    | Found Pesub's General Store.
 13440 | Orc:4    | Found Teigel's Magic Scroll Boutique.
 13493 | Orc:4    | Received a gift from Trog
 13627 | Orc:4    | Reached skill level 12 in Stealth
 13639 | Orc:4    | Reached skill level 10 in Fighting
 13942 | Orc:4    | Noticed a sun demon
 13973 | Orc:4    | Reached XP level 12. HP: 67/67 MP: 13/13
 13978 | Orc:4    | Killed a sun demon
 14085 | Orc:4    | Bought a scroll of fear for 52 gold pieces
 14085 | Orc:4    | Bought a scroll of identify for 30 gold pieces
 14085 | Orc:4    | Bought a scroll of identify for 30 gold pieces
 14085 | Orc:4    | Bought a scroll of identify for 30 gold pieces
 14085 | Orc:4    | Bought a scroll of identify for 30 gold pieces
 14093 | Orc:4    | Bought 2 scrolls of identify for 60 gold pieces
 14098 | Orc:4    | Bought 4 fruits for 90 gold pieces
 14098 | Orc:4    | Bought a scroll of identify for 30 gold pieces
 14137 | Orc:4    | Noticed an orc high priest
 14183 | Orc:4    | Killed an orc high priest
 14233 | Orc:4    | Noticed an orc high priest
 14635 | Orc:4    | Received a gift from Trog
 14727 | Orc:4    | Noticed an orc high priest
 14753 | Orc:4    | Noticed an orc high priest
 14788 | Orc:4    | Noticed an orc high priest
 14822 | Orc:4    | Noticed an orc high priest
 14833 | Orc:4    | Killed an orc high priest
 14833 | Orc:4    | Reached skill level 10 in Short Blades
 14862 | Orc:4    | Killed an orc high priest
 14862 | Orc:4    | Reached skill level 13 in Stealth
 14878 | Orc:4    | Noticed a gelid demonspawn
 14891 | Orc:4    | Killed an orc high priest
 15286 | Orc:4    | Noticed an orc high priest
 15306 | Orc:4    | Noticed an orc high priest
 15332 | Orc:4    | Killed a gelid demonspawn
 15411 | Orc:4    | Killed an orc high priest
 15536 | Orc:4    | Noticed a gelid demonspawn
 15595 | Orc:4    | Killed a gelid demonspawn
 15688 | Orc:4    | Killed an orc high priest
 15692 | Orc:4    | Found Bopto's Antique Armour Shoppe.
 15692 | Orc:4    | Found Kaunasin's Book Emporium.
 15692 | Orc:4    | Found a one-way gate leading to the halls of Pandemonium.
 15697 | Orc:4    | Killed an orc high priest
 15706 | Orc:4    | Killed an orc high priest
 15715 | Orc:4    | Bought an embroidered cloak for 157 gold pieces
 15772 | Orc:4    | Reached XP level 13. HP: 69/74 MP: 14/14
 15780 | Orc:4    | Bought a scroll of recharging for 142 gold pieces
 15784 | Orc:4    | Bought a scroll of brand weapon for 300 gold pieces
 16099 | D:8      | Bought 3 fruits for 49 gold pieces
 16099 | D:8      | Bought a bread ration for 55 gold pieces
 16099 | D:8      | Bought a slice of pizza for 16 gold pieces
 16099 | D:8      | Bought a slice of pizza for 16 gold pieces
 16099 | D:8      | Bought a slice of pizza for 16 gold pieces
 16541 | Lair:1   | Received a gift from Trog
 17045 | Lair:2   | Reached skill level 14 in Stealth
 17058 | Lair:2   | Reached skill level 1 in Long Blades
 17556 | Lair:2   | Identified the +9 flail of Gozag's Esteem {speed, *Corrode MP+9 Str+4 Int+5} (You found it on level 10 of the Dungeon)
 17811 | Lair:3   | Noticed Gastronok
 17818 | Lair:3   | Found a white marble altar of Elyvilon.
 17852 | Lair:3   | Received a gift from Trog
 17894 | Lair:3   | Killed Gastronok
 18263 | Lair:3   | Noticed Snorg
 18278 | Lair:3   | Killed Snorg
 18589 | Lair:3   | Found a staircase to the Snake Pit.
 19454 | Lair:4   | Received a gift from Trog
 20913 | Lair:5   | Reached XP level 14. HP: 75/81 MP: 15/15
 21421 | Lair:6   | Reached skill level 15 in Stealth
 21470 | Lair:6   | Found a staircase to the Shoals.
 21710 | Lair:6   | Received a gift from Trog
 22550 | Lair:7   | Noticed Kirke
 22701 | Lair:7   | Killed Kirke
 22830 | Lair:7   | Reached skill level 1 in Evocations
 22943 | Lair:7   | Received a gift from Trog
 23190 | Lair:8   | Entered Level 8 of the Lair of Beasts
 23809 | Lair:8   | Received a gift from Trog
 24143 | Lair:8   | Reached skill level 15 in Dodging
 24426 | Lair:8   | Received a gift from Trog
 24443 | Lair:8   | Found a staircase to the Slime Pits.
 24443 | Lair:8   | Found a viscous altar of Jiyva.
 24516 | Lair:8   | Reached skill level 5 in Long Blades
 24987 | Snake:1  | Entered Level 1 of the Snake Pit
 25006 | Snake:1  | Reached skill level 16 in Stealth
 25019 | Snake:1  | Reached XP level 15. HP: 56/86 MP: 15/19
 25512 | Snake:1  | Reached skill level 5 in Evocations
 25707 | Snake:1  | HP: 4/129 [naga sharpshooter/bolt of frost (10)]
 25709 | Snake:1  | Shot with a bolt of frost by a naga sharpshooter

Vault maps used:
D:1:      dpeg_arrival_tiny_c
D:2:      lemuel_zombie_altar_kikubaaqudgha, serial_forest,
          infiniplex_forest_clump_tiny, infiniplex_forest_straight_5,
          infiniplex_forest_zigzag_2, infiniplex_forest_zigzag_1,
          infiniplex_forest_lined_2, infiniplex_forest_clump_cross,
          infiniplex_forest_lined_corner, infiniplex_forest_corner_2,
          infiniplex_forest_lined_ring, nrook_mini_vaults
D:3:      first_bread, roderic_bipointed_swastika
D:4:      serial_shops, nicolae_shop_stone
D:6:      minmay_temple_entry_overgrown, serial_shops,
          nicolae_shop_temple_entry_statues_fountains
D:7:      serial_shops, nicolae_shop_waterfront, uniq_pikel
D:8:      lair_0_dummy, serial_shops, shop, uniq_maurice, uniq_psyche
D:10:     orc_0_dummy, roderic_chinese_pattern_swastika, grunt_ministairs_1,
          st_stairs_13
D:11:     portal_ice_cave_entry_ice_beasts, serial_co_window_serial,
          co_window_paths_b, co_window_of_opportunity_a, co_window_cross_1,
          co_window_of_opportunity_a, co_window_cross_1, co_window_paths_a,
          co_window_paths_b, co_window_corner_b, co_window_2corner,
          co_window_of_opportunity_b, co_window_broadway_c,
          co_window_broadway_c, glass_columns_b, uniq_erica
D:12:     grunt_ogre_cave, minmay_nine_imps, uniq_fannar
Lair:1:   minivault_19, small_statue_intersection, minivault_19
Lair:2:   serial_bayou_pond_a, infiniplex_staircase_pool_2, grunt_megastairs_4
Lair:3:   minmay_snake_entry_spellcaster, basic_altar, beast_lair_carwin_1,
          grunt_megastairs_3, uniq_snorg, uniq_gastronok
Lair:4:   lemuel_fruit_fields, lemuel_fruit_fields
Lair:5:   bh_autumn_forest_stairs
Lair:6:   minmay_shoals_entry_centaurs
Lair:7:   nicolae_lair_yak_garden, uniq_kirke
Lair:8:   minmay_lair_end_frog_pond, slime_altar_1
Snake:1:  nicolae_snake_double_loop
Orc:1:    mines4_lemuel
Orc:2:    serial_shops, nicolae_shop_overgrown_old_shop
Orc:3:    nicolae_orc_pool_cavern, uniq_nergalle, uniq_josephine
Orc:4:    pf_orc_diabolical
Elf:1:    serial_shops, shop, mu_enter_wizlab_5, uniq_aizul, uniq_agnes

Action                   |  1- 3 |  4- 6 |  7- 9 | 10-12 | 13-15 || total
-------------------------+-------+-------+-------+-------+-------++-------
Melee: Short sword       |    16 |       |       |   332 |    15 ||   363
       Dagger            |    86 |   245 |   512 |   527 |    35 ||  1405
       Falchion          |       |       |    70 |       |       ||    70
       Rapier            |       |       |    29 |   392 |   103 ||   524
       Demon blade       |       |       |       |       |  1358 ||  1358
Invok: Berserk           |       |     4 |    10 |    18 |     8 ||    40
       Trog's Hand       |       |       |       |     2 |    24 ||    26
Evoke: Wand              |       |       |     4 |    43 |    20 ||    67
       Deck              |       |       |       |     1 |       ||     1
  Use: Scroll            |       |     7 |    14 |    13 |    10 ||    44
       Potion            |       |       |     5 |     6 |     8 ||    19
 Stab: Sleeping          |     6 |     8 |    10 |    23 |    44 ||    91
       Confused          |       |       |     6 |    13 |     4 ||    23
       Petrifying        |       |       |     1 |       |       ||     1
       Distracted        |       |       |       |     8 |    10 ||    18
       Paralysed         |       |       |       |       |     1 ||     1
  Eat: Pizza             |       |     1 |       |       |     5 ||     6
       Royal jelly       |       |     1 |       |       |       ||     1
       Fruit             |       |       |     9 |    11 |    15 ||    35
       Bread ration      |       |       |     2 |     3 |       ||     5
